 Dungeon Crawl Stone Soup version 0.31-a0-23-gcbde74481b (webtiles) character file.

Game seed: 1810544561847606765

140 pk666 the Magician (level 5, -12/28 HPs)
             Began as a Deep Elf Hedge Wizard on May 14, 2023.
             Killed from afar by an orc wizard (13 damage)
             ... with a puff of flame
             ... on level 3 of the Dungeon.
             The game lasted 00:06:09 (2722 turns).

pk666 the Magician (Deep Elf Hedge Wizard)          Turns: 2722, Time: 00:06:10

Health: -12/28     AC:  6    Str:  5 (7)  XL:     5   Next: 2%
Magic:  0/14       EV: 16    Int: 18 (21) God:
Gold:   220        SH:  0    Dex:  6 (7)  Spells: 8/14 levels left

rFire   x . .        u - +10 spear "Lonoir" {heavy, rPois rN+ Dex-5 Stlth+}
rCold   . . .        (no shield)
rNeg    + . .        b - +0 robe
rPois   +            c - +0 hat
rElec   .            (no cloak)
rCorr   .            (no gloves)
SInv    .            (no boots)
Will    .....        o - amulet of guardian spirit
Stlth   +++          g - +5 ring of evasion
HPRegen 0.24/turn    l - +4 ring of protection
MPRegen 0.14/turn

%: guardian spirit
@: attractive
A: talons 1, clumsy 1, heat vulnerability 1
a: no special abilities


You were on level 3 of the Dungeon.
You visited 1 branch of the dungeon, and saw 3 of its levels.

You collected 220 gold pieces.

Inventory:

Hand Weapons
 a - a +0 dagger
 u - the +10 spear "Lonoir" (weapon) {heavy, rPois rN+ Dex-5 Stlth+}
   (You found it on level 2 of the Dungeon)

   Dex:       It affects your dexterity (-5).
   rPois:     It protects you from poison.
   rN:        It protects you from negative energy.
   Stlth:     It makes you more stealthy.
Armour
 b - a +0 robe (worn)
 c - a +0 hat (worn)
Jewellery
 g - a +5 ring of evasion (left hand)
 l - a +4 ring of protection (right hand)
 o - an amulet of guardian spirit (around neck)
Scrolls
 f - 2 scrolls of fear {unknown}
 m - 5 scrolls of identify {unknown}
 n - 2 scrolls of teleportation {unknown}
 s - a scroll of poison {unknown}
 t - a scroll of blinking {unknown}
 w - a scroll of enchant weapon {unknown}
Potions
 d - a potion of magic
 e - a potion of flight {unknown}
 h - a potion of heal wounds {unknown}
 i - a potion of cancellation {unknown}
 j - a potion of mutation
 k - a potion of attraction
 p - 2 potions of degeneration
 q - a potion of might {unknown}
 r - a potion of curing {unknown}
 v - a potion of ambrosia {unknown}


   Skills:
 - Level 2.4 Dodging
 - Level 2.4 Stealth
 + Level 5.3 Spellcasting
 * Level 3.4 Conjurations
 - Level 1.1 Summonings
 - Level 2.0 Translocations
 + Level 1.1 Air Magic
 * Level 1.9 Poison Magic


You had 8 spell levels left.
You knew the following spells:

 Your Spells              Type           Power      Damage    Failure   Level
a - Magic Dart            Conj           68%        1d6       3%          1
b - Blink                 Tloc           24%        N/A       9%          2
c - Mephitic Cloud        Conj/Pois/Air  12%        N/A       16%         3

Your spell library contained the following spells:

 Spells                   Type           Power      Damage    Failure   Level
 Static Discharge         Conj/Air       26%        2-4/arc   8%          2
 Call Imp                 Summ           16%        N/A       12%         2
 Slow                     Hex            16%        N/A       13%         1
 Cigotuvi's Dreadful Rot  Necr/Pois/Air  16%        N/A       13%         2
 Portal Projectile        Hex/Tloc       16%        N/A       26%         3
 Tukima's Dance           Hex            4%         N/A       36%         3
 Airstrike                Air            4%         2d(1-17)  63%         4
 Summon Lightning Spire   Summ/Air       8%         N/A       63%         4
 Blade Hands              Tmut           2%         N/A       98%         5


Dungeon Overview and Level Annotations

Branches:
Dungeon (3/15)

Altars:
Kikubaaqudgha
Vehumet

Annotations:
D:2 Sigmund


Innate Abilities, Weirdness & Mutations

You have sharp toenails.
You are clumsy. (Dex -2)
You are vulnerable to heat. (rF-)


Message History

You feel less confused.
You hear some strange, mumbled words.
A puff of flame appears from out of thin air!
The puff of flame hits you! Something hits you but does no damage.
You miss something. Something hits you but does no damage.
You miss something.
Something hits you but does no damage. x2
You miss something.
Something hits you but does no damage. x2
You puncture something! Something hits you but does no damage.
You closely miss something. Something hits you.
You hear some strange, mumbled words.
A magic dart appears from out of thin air!
The magic dart hits you!
* * * LOW HITPOINT WARNING * * *
It was a potion of degeneration.
There was something very wrong with that liquid.
You feel weakened.
You feel dopey.
You feel clumsy.
You hear some strange, mumbled words.
A puff of flame appears from out of thin air!
The puff of flame hits you!
* * * LOW HITPOINT WARNING * * *
It was a potion of mutation.
You feel extremely strange.
You feel vulnerable to heat.
You feel clumsy.
Your toenails lengthen and sharpen.
Something hits you.
* * * LOW HITPOINT WARNING * * *
It was a potion of attraction.
You feel attractive to monsters.
You hear some strange, mumbled words.
Something tries to affect you, but you resist.
Okay, then.
You closely miss something.
You hear some strange, mumbled words.
A puff of flame appears from out of thin air!
The puff of flame misses you. Something hits you.
* * * LOW HITPOINT WARNING * * *
You closely miss something.
You hear some strange, mumbled words.
A puff of flame appears from out of thin air!
The puff of flame hits you! The fire burns you terribly!
You die...

#.............############.
######.........'............
..#..##........#############
.'...##.......### #
#....##........# #
#.....#......#.# #
..#.⌠.⌠.#......#... #
_.'..⌠.........#####
.#.⌠.⌠)#){@.....<#
#.....#.)....####
#....#####+### _.o...#
..#..# # ###


There were no monsters in sight!

Vanquished Creatures
  2 orc wizards (D:3)
  2 gnolls (D:1)
  2 adders
  An orc (D:3)
  6 ball pythons
  4 endoplasms (D:1)
  A giant cockroach (D:1)
  10 hobgoblins (D:1)
  A quokka (D:2)
  7 bats
  4 frilled lizards
  5 goblins
  3 kobolds
  6 rats
54 creatures vanquished.

Notes
Turn   | Place    | Note
-------+----------+-------------------------------------------
     0 | D:1      | pk666 the Deep Elf Hedge Wizard began the quest for the
                  | Orb.
     0 | D:1      | Reached XP level 1. HP: 10/10 MP: 7/7
   351 | D:1      | Reached XP level 2. HP: 15/15 MP: 6/9
   524 | D:1      | Found a faded altar of an unknown god.
   919 | D:1      | Reached XP level 3. HP: 18/19 MP: 4/11
   922 | D:1      | Learned a level 2 spell: Blink
   926 | D:1      | Learned a level 3 spell: Mephitic Cloud
  1232 | D:1      | Reached skill level 5 in Spellcasting
  1461 | D:2      | Noticed Sigmund
  1552 | D:2      | Identified the +10 spear "Lonoir" {heavy, rPois rN+ Dex-5
                  | Stlth+}
  1629 | D:2      | Reached XP level 4. HP: 24/24 MP: 9/13
  1717 | D:2      | Reached skill level 1 in Poison Magic
  2690 | D:3      | Found an ancient bone altar of Kikubaaqudgha.
  2690 | D:3      | Found a radiant altar of Vehumet.
  2712 | D:3      | Reached skill level 1 in Air Magic
  2712 | D:3      | Reached XP level 5. HP: 18/28 MP: 10/14
  2719 | D:3      | Gained mutation: You are vulnerable to heat. (rF-) [potion
                  | of mutation]
  2719 | D:3      | Gained mutation: You are clumsy. (Dex -2) [potion of
                  | mutation]
  2719 | D:3      | Gained mutation: You have sharp toenails. [potion of
                  | mutation]
  2719 | D:3      | HP: 1/28 [something (1)]
  2722 | D:3      | Killed from afar by an orc wizard

Illustrated notes

Levels and vault maps discovered:
D:1:      shiori_arrival_oz, layout_loops_ring, shapermc_ecumenical_altar_venn
D:2:      layout_loops_ring, hangedman_decor_points, minmay_heptomino_h4,
          uniq_sigmund
D:3:      layout_basic, palyth_temple_overflow_mages, st_stairs_9

Skill      XL: |  1  2  3  4 |
---------------+-------------+-----
Conjurations   | 2 3 |  3.4
Translocations | 2 |  2.0
Spellcasting   | 5 |  5.3
Poison Magic   | 1 |  1.9
Air Magic      | 1 |  1.1
Dodging        | |  2.4
Stealth        | |  2.4
Summonings     | |  1.1

Action                     |  1- 3 |  4- 6 || total
---------------------------+-------+-------++-------
  Melee: Dagger            |    15 |       ||    15
         Spear             |       |    18 ||    18
   Cast: Magic Dart        |   100 |    29 ||   129
    Use: Potion            |       |     3 ||     3
 Armour: Robe              |     5 |    12 ||    17
  Dodge: Dodged            |    24 |    18 ||    42

Table legend: (Time is in decaauts)
 A = Elapsed time spent in this place.
 B = Non-inter-level travel time spent in this place.
 C = Inter-level travel time spent in this place.
 D = Time resting spent in this place.
 E = Time spent auto-exploring this place.
 F = Levels seen in this place.
 G = Mean time per level.
                   A        B        C        D        E       F      G
               +--------+--------+--------+--------+--------+-----+--------+
         Total |   2731 |   2668 |     63 |    111 |   2246 |   3 |  910.3 |
       Dungeon |   2731 |   2668 |     63 |    111 |   2246 |   3 |  910.3 |
               +--------+--------+--------+--------+--------+-----+--------+

Top non-repeatable levels by time:
     D:1: 1385 daAuts
     D:2: 865 daAuts
     D:3: 479 daAuts
